Map: Vaani Research Station (Void)

Players

Kelazhur - Winner!

  • Race: Terran Terran
  • League: Diamond
  • Spawn Location: 6:00

TYTY (TY)

  • Race: Terran Terran
  • League: Diamond
  • Spawn Location: 12:00

Event: WESG 2016 Finals

VOD

Have the link to the VOD?

Description

Time

  • Played on: Jan. 13, 2017, 4:45 a.m.
  • Length: 5:16

All games in this series

Show
View Real Time Build Order
Export as new Build Order

Kelazhur Terran - Winner!

Build Orders: Cyclone Opening 

Get SALT Encoding   

  12  0:01  SCV  
  13  0:13  SCV  
  14  0:18  Supply Depot  
  14  0:25  SCV  
  15  0:29  Refinery  
  15  0:40  SCV  
  16  0:47  Barracks  
  16  0:52  SCV  
  17  0:57  Refinery  
  17  1:04  SCV  
  18  1:16  SCV  
  19  1:34  Orbital Command, Factory  
  19  1:37  Barracks Reactor  
  19  1:50  Supply Depot  
  19  2:00  SCV  
  20  2:12  SCV  
  21  2:21  Marine  
  22  2:23  Cyclone x2  
  22  2:27  SCV  
  29  2:34  Supply Depot  
  29  2:39  Marine, SCV  
  31  2:56  Cyclone x2  
  37  3:08  Supply Depot  
  37  3:11  SCV  
  32  3:28  Cyclone  
  32  3:29  Marine  
  36  3:36  Cyclone  
  36  3:37  SCV  
  31  3:49  SCV  
  31  3:51  Marine  
  32  4:00  Cyclone  
  32  4:01  SCV  
  36  4:08  Cyclone  
  36  4:09  Marine  
  40  4:15  Supply Depot  
  40  4:19  SCV  
  41  4:32  Cyclone  
  47  4:55  SCV  
  48  5:06  Command Center  
Show
View Real Time Build Order
Export as new Build Order

TYTY Terran 

Build Orders: Cyclone Opening 

Get SALT Encoding   

  12  0:00  SCV  
  13  0:12  SCV  
  14  0:18  Supply Depot  
  14  0:24  SCV  
  15  0:30  Refinery  
  15  0:39  SCV  
  16  0:46  Barracks  
  16  0:52  SCV  
  17  1:04  SCV  
  18  1:16  SCV  
  20  1:33  Orbital Command  
  20  1:34  Reaper  
  20  1:47  Command Center  
  20  1:56  Factory  
  20  2:00  SCV  
  21  2:05  Refinery  
  21  2:08  Barracks Reactor  
  21  2:12  SCV  
  22  2:18  Supply Depot  
  22  2:24  SCV  
  23  2:40  Cyclone, SCV  
  27  2:44  Marine x2  
  29  2:52  SCV  
  29  2:56  Starport  
  30  3:01  Orbital Command  
  30  3:04  Marine  
  31  3:07  Marine  
  31  3:12  Cyclone  
  30  3:22  Marine  
  30  3:24  Marine  
  31  3:39  Marine  
  27  3:42  Marine  
  27  3:55  Cyclone  
  30  3:59  Marine  
  30  4:00  Marine  
  30  4:01  SCV  
  33  4:12  Supply Depot, SCV  
  34  4:22  SCV  
  36  4:32  Supply Depot  
  36  4:36  Cyclone  
  38  4:38  Cyclone  
  38  4:41  SCV x2  
  36  4:53  SCV x2  
  36  4:57  Supply Depot  
Tags
 
Add a new tag
Caveats
  • Supply blocks, unpowered buildings, or Contaminate may cause inaccurate times.
  • Supply counts are checked every 10 seconds.